 Dungeon Crawl Stone Soup version 0.28-a0-514-g0d7ab7f379 (webtiles) character file.

Game seed: 2759163274166840693

68 avis the Skirmisher (level 4, 0/48 HPs)
             Began as an Ogre Warper on Sept 23, 2021.
             Succumbed to an adder's poison
             ... on level 2 of the Dungeon.
             The game lasted 00:09:15 (2999 turns).

avis the Skirmisher (Ogre Warper)                   Turns: 2999, Time: 00:09:15

Health: 0/48       AC:  3    Str: 15    XL:     4   Next: 19%
Magic:  5/7        EV:  9    Int: 15    God:
Gold:   50         SH:  0    Dex:  8    Spells: 2/7 levels left

rFire   . . .      SeeInvis .   a - +0 mace
rCold   . . .      Faith    .   (no shield)
rNeg    . . .      Spirit   .   b - +0 robe
rPois   .          Reflect  .   (helmet restricted)
rElec   .          Harm     .   (no cloak)
rCorr   .          Rampage  .   (gloves unavailable)
Will    .....                   (boots unavailable)
Stlth   +.........              (no amulet)
HPRegen 0.16/turn               (no ring)
MPRegen 0.10/turn               (no ring)

@: lethally poisoned (0 -> -4)
A: large, unfitting armour, tough skin 1
a: no special abilities


You were on level 2 of the Dungeon.
You visited 1 branch of the dungeon, and saw 3 of its levels.

You collected 50 gold pieces.

Inventory:

Hand Weapons
 a - a +0 mace (weapon)
Missiles
 d - 5 boomerangs of dispersal (quivered)
 g - 75 stones
 h - 18 arrows
 k - 17 bolts
 m - 8 sling bullets
Armour
 b - a +0 robe (worn)
Scrolls
 c - a scroll of blinking
 f - 2 scrolls of vulnerability {unknown}
 i - a scroll of immolation
 n - a scroll of holy word {unknown}
 o - a scroll of enchant weapon {unknown}
 p - a scroll of teleportation {unknown}
Potions
 j - a potion of ambrosia {unknown}
 l - a potion of invisibility {unknown}
 q - a potion of brilliance {unknown}
 r - a potion of attraction {unknown}


   Skills:
 + Level 3.9 Fighting
 * Level 3.3 Maces & Flails
 - Level 1.0 Throwing
 - Level 2.1 Dodging
 - Level 2.4 Spellcasting
 - Level 2.6 Translocations


You had 2 spell levels left.
You knew the following spells:

 Your Spells              Type           Power      Damage    Failure   Level
b - Blink                 Tloc           N/A        N/A       11%         2
o - Teleport Other        Tloc           9%         N/A       22%         3

Your spell library contained the following spells:

 Spells                   Type           Power      Damage    Failure   Level
 Gell's Gravitas          Tloc           4%         N/A       22%         3
 Lesser Beckoning         Tloc           9%         N/A       22%         3
 Manifold Assault         Tloc           9%         N/A       89%         5


Dungeon Overview and Level Annotations

Branches:
Dungeon (3/15)

Altars:


Innate Abilities, Weirdness & Mutations

You are too large for most types of armour.
You have tough skin. (AC +1)


Message History

The adder bites you.
You barely miss the adder.
The adder is lightly wounded.
The quokka closely misses you. The adder bites you but does no damage.
The quokka closely misses you. The adder bites you.
You hit the adder but do no damage.
The adder is lightly wounded.
The quokka bites you. The adder barely misses you.
The orc wizard mumbles some strange words.
The orc wizard flickers and vanishes!
You miss the adder.
The adder is lightly wounded.
The adder bites you.
You are poisoned.
The adder poisons you! The quokka barely misses you.
The adder completely misses you. The quokka bites you.
You barely miss the adder.
The adder is lightly wounded.
You feel sick. The adder bites you but does no damage. The quokka bites you.
* * * LOW HITPOINT WARNING * * *
It was a potion of cancellation.
You feel magically purged.
You feel sick. The adder bites you.
* * * LOW HITPOINT WARNING * * *
You are lethally poisoned!
The adder poisons you! The quokka bites you.
* * * LOW HITPOINT WARNING * * *
The adder bites you but does no damage.
Okay, then.
Cast which spell? (? or * to list)
You blink.
* * * LOW HITPOINT WARNING * * *
You feel sick.
* * * LOW HITPOINT WARNING * * *
You feel sick.
There is a stone staircase leading up here.
* * * LOW HITPOINT WARNING * * *
You feel sick.
You climb upwards.
Reactivating autopickup.
You die...

#......# #.........##.# #...#
#......# #.##.##...##.# #...#
.......######..#.#######.###...#
...###...........# #..........#
.....#...........# #..........#
...#.#...........# #.........##
...#.#...........# #.........#
.....#...........####.........##
.#..............@...'..........#
######.###...##.#####..........#
.......# #...##.# #...........#
.####### #...##.# #.####...>..#
.# #...##.####.# #......# ##
#...##......# #......#
#...#############'##### #####
#...#.....#.# #.#.#.###.#.#


There were no monsters in sight!

Vanquished Creatures
  An adder (D:2)
  3 dart slugs
  7 endoplasms
  2 giant cockroaches
  A goblin (D:2)
  4 hobgoblins
  3 jackals (D:2)
  6 kobolds
  3 quokkas
  7 ball pythons
  4 bats
  4 frilled lizards (D:1)
  7 rats
52 creatures vanquished.

Notes
Turn   | Place    | Note
-------+----------+-------------------------------------------
     0 | D:1      | avis the Ogre Warper began the quest for the Orb.
     0 | D:1      | Reached XP level 1. HP: 22/22 MP: 3/3
   219 | D:1      | Reached XP level 2. HP: 15/31 MP: 5/5
   913 | D:1      | Found a faded altar of an unknown god.
  1131 | D:1      | Reached XP level 3. HP: 32/37 MP: 6/6
  1322 | D:1      | Learned a level 2 spell: Blink
  1326 | D:1      | Learned a level 3 spell: Teleport Other
  2554 | D:2      | Reached XP level 4. HP: 41/48 MP: 7/7
  2997 | D:3      | HP: 2/48 [poisoned by an adder]
  2999 | D:2      | Succumbed to an adder's poison

Illustrated notes

Levels and vault maps discovered:
D:1:      erik_arrival_triangle_medium, layout_basic,
          hellmonk_ecumenical_altar_blasted
D:2:      layout_basic
D:3:      layout_basic, mainiacjoe_overflow_brackets, uniq_natasha

Skill      XL: |  1  2  3 |
---------------+----------+-----
Maces & Flails | 2 3 |  3.3
Fighting       | 3 |  3.9
Throwing       | |  1.0
Dodging        | |  2.1
Spellcasting   | |  2.4
Translocations | |  2.6

Action                   |  1- 3 |  4- 6 || total
-------------------------+-------+-------++-------
Melee: Mace              |   134 |    31 ||   165
 Cast: Blink             |       |     1 ||     1
  Use: Potion            |       |     1 ||     1
Armor: Robe              |    47 |    19 ||    66
Dodge: Dodged            |    65 |    27 ||    92

Table legend: (Time is in decaauts)
 A = Elapsed time spent in this place.
 B = Non-inter-level travel time spent in this place.
 C = Inter-level travel time spent in this place.
 D = Time resting spent in this place.
 E = Time spent auto-exploring this place.
 F = Levels seen in this place.
 G = Mean time per level.
                   A        B        C        D        E       F      G
               +--------+--------+--------+--------+--------+-----+--------+
         Total |   3044 |   2907 |    137 |   1022 |   1312 |   3 | 1014.7 |
       Dungeon |   3044 |   2907 |    137 |   1022 |   1312 |   3 | 1014.7 |
               +--------+--------+--------+--------+--------+-----+--------+

Top non-repeatable levels by time:
     D:1: 1999 daAuts
     D:2: 986 daAuts
     D:3: 58 daAuts
